 Dungeon Sprint DCSS version 0.29-a0-1016-g236c7fd91e (webtiles) character file.

Game seed: 10603290909345329932

138 Hubris850 the Cleaver (level 7, 0/52 HPs)
             Began as a Demonspawn Monk on Aug 9, 2022.
             Was a High Priest of Makhleb.
             Slain by a fire elemental (1 damage)
             ... in the Dungeon (Sprint VI: "Thunderdome").
             The game lasted 00:06:16 (454 turns).

Hubris850 the Cleaver (Demonspawn Monk)              Turns: 454, Time: 00:06:16

Health: 0/52       AC:  2    Str: 16    XL:     7   Next: 88%
Magic:  16/16      EV: 12    Int: 15    God:    Makhleb [*****.]
Gold:   91         SH:  9    Dex: 12    Spells: 6/6 levels left

rFire   . . .      SeeInvis .   j - +0 broad axe
rCold   + . .      Faith    .   k - +0 buckler
rNeg    . . .      Spirit   .   b - +0 robe
rPois   +          Reflect  .   (helmet restricted)
rElec   .          Harm     .   (no cloak)
rCorr   +          Rampage  .   (no gloves)
Will    .....      NoTele   +   (no boots)
Stlth   ++........              n - amulet "Peroutt" {Regen+ Int+4}
HPRegen 0.97/turn               o - ring of Kumiuhug {Fly rPois rC+ Stlth-}
MPRegen 0.15/turn               p - ring "Neikiz" {rPois rCorr Str+3 Dex-4 Stlth+}

@: flying
A: antennae 1, large bone plates 2, foul stench 1
a: Renounce Religion, Minor Destruction, Lesser Servant of Makhleb, Major
Destruction, Greater Servant of Makhleb


You were in the Dungeon.
You worshipped Makhleb.
Makhleb was extremely pleased with you.
You visited 1 branch You collected 400 gold pieces.
You spent 309 gold pieces at shops.

Inventory:

Hand Weapons
 a - a +0 hand axe
 h - a +0 battleaxe
 j - a +0 broad axe (weapon)
Armour
 b - a +0 robe (worn)
 k - a +0 buckler (worn)
Jewellery
 n - the amulet "Peroutt" (around neck) {Regen+ Int+4}
   (You bought it in a shop in the Dungeon)

   [amulet of regeneration]

   Int:       It affects your intelligence (+4).
   Regen:     It increases your rate of health regeneration.
 o - the ring of Kumiuhug (left hand) {Fly rPois rC+ Stlth-}
   (You bought it in a shop in the Dungeon)

   [ring of flight]

   rC:        It protects you from cold.
   rPois:     It protects you from poison.
   Fly:       It grants you flight.
   Stlth:     It makes you less stealthy.
 p - the ring "Neikiz" (right hand) {rPois rCorr Str+3 Dex-4 Stlth+}
   (You bought it in a shop in the Dungeon)

   [ring of poison resistance]

   Str:       It affects your strength (+3).
   Dex:       It affects your dexterity (-4).
   rPois:     It protects you from poison.
   rCorr:     It protects you from acid and corrosion.
   Stlth:     It makes you more stealthy.
Scrolls
 i - 4 scrolls of blinking
 l - 3 scrolls of butterflies
Potions
 c - a potion of ambrosia
 d - a potion of curing
 e - 4 potions of heal wounds
 f - 3 potions of haste
 g - 2 potions of magic
 m - a potion of resistance


   Skills:
 - Level 3.0 Fighting
 + Level 13.1 Axes
 - Level 2.6 Dodging
 - Level 1.7 Stealth
 + Level 13.0 Invocations


You had 6 spell levels left.
You didn't know any spells.
Your spell library was empty.

Dungeon Overview and Level Annotations

Branches:
Dungeon (1/1)

Altars:
Cheibriados
Dithmenos
Fedhas
Gozag
Kikubaaqudgha
Makhleb
Okawaru
Qazlal
Ru
Sif Muna
Trog
Uskayaw
Vehumet
Wu Jian
Xom
Yredelemnul
Lugonu

Shops:
D *[??*?*:[((!!!!


Innate Abilities, Weirdness & Mutations

You have a pair of small antennae on your head.
You are mostly covered in large bone plates. (SH +6)
You may rarely emit foul miasma when damaged in melee.


Message History

The fire bat is almost dead.
The fire bat completely misses you.
Aiming: Minor Destruction (0% risk of failure)
Press: ? - help, Shift-Dir - straight line, f/p - fire bat
Aim: a fire bat (almost dead)
The stone arrow misses the fire bat.
You block the fire bat's attack.
You hit the fire bat.
You kill the fire bat!
Makhleb accepts your kill.
You feel better.
Your Axes skill increases to level 13!
Your Invocations skill increases to level 13!
Unknown command.
A fire elemental comes into view.
A fire elemental comes into view.
You see here a river rat corpse.
A demon appears!
You block the fire elemental's attack.
You barely miss the fire elemental. You closely miss the fire elemental.
You block the fire elemental's attack. The fire elemental hits you.
The fire elemental burns you!
Your neqoxec closely misses the fire elemental.
You slash the fire elemental!
The fire elemental is moderately damaged.
You hit the fire elemental. The fire elemental barely misses you.
You block the fire elemental's attack.
You barely miss the fire elemental.
The fire elemental is moderately damaged.
You slash the fire elemental! The fire elemental hits you.
The fire elemental burns you! The fire elemental hits you.
The fire elemental burns you!
Your neqoxec hits the fire elemental!
Unknown command.
You closely miss the fire elemental.
The fire elemental is moderately damaged.
You closely miss the fire elemental. The fire elemental hits you.
The fire elemental burns you!
* * * LOW HITPOINT WARNING * * *
The fire elemental hits you. The fire elemental burns you!
* * * LOW HITPOINT WARNING * * *
Your neqoxec hits the fire elemental! The fire elemental hits you.
You die...

######.8.........8.######
#..__......###......__.∩##
∩........8[# #.8........∩##
...........###.............
........###...###..........
.......)# #†<.# #..........
........###[..###..........
...........###...†.........
∩........8)# #.8@.3.....∩##
#∩_._......###..EE.._._∩##
######.8........°8.######
#⌠...........⌠#
###.........### #_÷......_#
#_......._# #_......._#
#∩.......∩#


You could see 2 fire elementals and a friendly neqoxec (summoned).

Vanquished Creatures
  A fire bat (D)
  A warg (D)
  A water moccasin (D)
  Pargi (D)
  2 orc warriors (D)
  3 ogres (D)
  3 adders (D)
  2 river rats (D)
  A ball python (D)
  3 rats (D)
18 creatures vanquished.

Notes
Turn   | Place    | Note
-------+----------+-------------------------------------------
     0 | D        | Hubris850 the Demonspawn Monk began the quest for the Orb.
     0 | D        | Reached XP level 1. HP: 18/18 MP: 1/1
     1 | D        | Found a snail-covered altar of Cheibriados.
     2 | D        | Found a sacrificial altar of Ru.
     2 | D        | Found an ancient bone altar of Kikubaaqudgha.
     3 | D        | Found a basalt altar of Yredelemnul.
     4 | D        | Found a bloodstained altar of Trog.
     4 | D        | Found Eroax's Identification Station.
     5 | D        | Found Biwymam's Jewellery.
     5 | D        | Found Nechit's Advanced Armour.
     5 | D        | Round 1.
     6 | D        | Found an ornate altar of the Wu Jian Council.
     7 | D        | Found a stormy altar of Qazlal.
     7 | D        | Found a shimmering altar of Xom.
     7 | D        | Found a shadowy altar of Dithmenos.
     7 | D        | Found Dazoicee's Magic Scroll Shop.
     7 | D        | Found Doluh's Staff Store.
     8 | D        | Found Lagotego's Magic Scroll Shop.
     8 | D        | Found Yhiem's Must-Have Magic.
    12 | D        | Found a blossoming altar of Fedhas.
    14 | D        | Found Jetaz's Distillery.
    14 | D        | Found a corrupted altar of Lugonu.
    14 | D        | Found an iron altar of Okawaru.
    14 | D        | Found Doharr's Do-It-Yourself Clinic.
    15 | D        | Found Uthrut's Distillery.
    15 | D        | Found Quptatit's Bottled Wisdom.
    19 | D        | Found a shimmering blue altar of Sif Muna.
    20 | D        | Found an opulent altar of Gozag.
    27 | D        | Gained mutation: You have a pair of small antennae on your
                  | head. [demonic ancestry]
    27 | D        | Reached XP level 2. HP: 12/24 MP: 2/2
    27 | D        | Found a burning altar of Makhleb.
    27 | D        | Found a radiant altar of Vehumet.
    27 | D        | Found a hide-covered altar of Uskayaw.
    27 | D        | Found Duazig's Weapon Rack.
    27 | D        | Found Dusiuc's Premium Goods.
    28 | D        | Found Jiwnaf's Basic Armour.
    28 | D        | Found Itsi's Miscellaneous Merchandise.
    35 | D        | Became a worshipper of Makhleb the Destroyer
    35 | D        | Reached * piety under Makhleb
    35 | D        | Reached ** piety under Makhleb
    47 | D        | Reached skill level 5 in Axes
    50 | D        | Noticed a water moccasin
    56 | D        | Killed a water moccasin
    57 | D        | Gained mutation: You are partially covered in large bone
                  | plates. (SH +4) [demonic ancestry]
    57 | D        | Reached XP level 3. HP: 18/29 MP: 3/3
    57 | D        | Gained mutation: You may rarely emit foul miasma when
                  | damaged in melee. [demonic ancestry]
    57 | D        | Reached XP level 4. HP: 22/35 MP: 4/4
    75 | D        | Arena points: 12 (+12) [x2]
    84 | D        | Bought a bound iron amulet for 45 gold pieces
    84 | D        | Identified the amulet "Peroutt" {Regen+ Int+4} (You bought
                  | it in a shop in the Dungeon)
    84 | D        | Bought a pitted pewter ring for 45 gold pieces
    84 | D        | Identified the ring of Kumiuhug {Fly rPois rC+ Stlth-} (You
                  | bought it in a shop in the Dungeon)
    84 | D        | Bought a pitted turquoise ring for 45 gold pieces
    84 | D        | Identified the ring "Neikiz" {rPois rCorr Str+3 Dex-4
                  | Stlth+} (You bought it in a shop in the Dungeon)
   117 | D        | Round 2.
   123 | D        | Reached *** piety under Makhleb
   145 | D        | Reached skill level 1 in Invocations
   145 | D        | Reached XP level 5. HP: 22/41 MP: 4/6
   186 | D        | Noticed Pargi
   191 | D        | Killed Pargi
   192 | D        | Reached skill level 10 in Axes
   205 | D        | Bought a +0 buckler for 54 gold pieces
   251 | D        | Reached **** piety under Makhleb
   289 | D        | Arena points: 54 (+42) [x3]
   316 | D        | Round 3.
   323 | D        | Noticed an orc warrior
   323 | D        | Noticed an ogre
   323 | D        | Noticed an orc warrior
   324 | D        | Noticed an ogre
   324 | D        | Noticed a warg
   333 | D        | Killed an ogre
   334 | D        | Gained mutation: You are mostly covered in large bone
                  | plates. (SH +6) [demonic ancestry]
   334 | D        | Reached XP level 6. HP: 47/47 MP: 9/12
   346 | D        | Killed an orc warrior
   357 | D        | Killed a warg
   357 | D        | Reached ***** piety under Makhleb
   358 | D        | Reached skill level 10 in Invocations
   358 | D        | Reached XP level 7. HP: 43/52 MP: 10/14
   367 | D        | Arena points: 138 (+84) [x4]
   402 | D        | Bought a +0 broad axe for 120 gold pieces
   414 | D        | Round 4.
   415 | D        | Noticed a fire bat
   429 | D        | Killed a fire bat
   443 | D        | Noticed a fire elemental
   447 | D        | Noticed a fire elemental
   454 | D        | HP: 1/52 [fire elemental (9)]
   454 | D        | Slain by a fire elemental

Illustrated notes

Levels and vault maps discovered:
D:        arena_sprint

Skill      XL: |  1  2  3  4  5  6  7 |
---------------+----------------------+-----
Axes           | 4 9 11 13 | 13.1
Invocations    | 1 8 10 13 | 13.0
Fighting       | |  3.0
Dodging        | |  2.6
Stealth        | |  1.7

Action                   |  1- 3 |  4- 6 |  7- 9 || total
-------------------------+-------+-------+-------++-------
Melee: Hand axe          |    10 |    38 |     9 ||    57
       Broad axe         |       |       |    11 ||    11
Invok: Minor Destruction |       |       |     2 ||     2
       Lesser Servant of |       |       |     1 ||     1
Evoke: Wand              |     3 |     7 |       ||    10
  Use: Potion            |       |     1 |     1 ||     2
Armor: Robe              |     2 |     3 |     6 ||    11
Dodge: Dodged            |    13 |    10 |     7 ||    30
Block: Buckler           |       |     4 |    10 ||    14

Table legend: (Time is in decaauts)
 A = Elapsed time spent in this place.
 B = Non-inter-level travel time spent in this place.
 C = Inter-level travel time spent in this place.
 D = Time resting spent in this place.
 E = Time spent auto-exploring this place.
 F = Levels seen in this place.
 G = Mean time per level.
                   A        B        C        D        E       F      G
               +--------+--------+--------+--------+--------+-----+--------+
         Total |    437 |    437 |      0 |     88 |      0 |   1 |  437.0 |
       Dungeon |    437 |    437 |      0 |     88 |      0 |   1 |  437.0 |
               +--------+--------+--------+--------+--------+-----+--------+

Top non-repeatable levels by time:
       D: 437 daAuts
